 Dungeon Crawl Stone Soup version 0.17-a0-1763-g847a857 (webtiles) character file.

252 kosy22 the Skirmisher (level 5, 0/48 HPs)
             Began as a Draconian Berserker on Sept 4, 2015.
             Was a Believer of Trog.
             Slain by a killer bee (2 damage)
             ... on level 3 of the Dungeon.
             The game lasted 00:08:56 (2965 turns).

kosy22 the Skirmisher (Draconian Berserker)         Turns: 2965, Time: 00:08:57

Health: 0/48       AC:  5    Str: 20    XL:     5   Next: 89%
Magic:  5/5        EV: 13    Int:  8    God:    Trog [**....]
Gold:   27         SH:  0    Dex: 10    Spells: 0 memorised, 4 levels left

rFire  . . .     SeeInvis .     k - +0 short sword (elec)
rCold  . . .     Clarity  .     (armour unavailable)
rNeg   . . .     SustAt   .     (no shield)
rPois  +         Gourm    .     (helmet restricted)
rElec  .         Spirit   .     (no cloak)
rCorr  .         Warding  .     (no gloves)
rMut   .         Stasis   .     (no boots)
MR     ++...                    (no amulet)
Stlth  ..........               d - ring of loudness (curse)
                                i - ring of poison resistance

@: lethally poisoned (0 -> 0), regenerating, very resistant to hostile
enchantments, extremely unstealthy
A: unfitting armour, cold-blooded, AC +5
a: Burn Spellbooks, Berserk, Trog's Hand, Renounce Religion


You were on level 3 of the Dungeon.
You worshipped Trog.
Trog was pleased with you.
You were not hungry.

You visited 1 branch of the dungeon, and saw 3 of its levels.

You collected 27 gold pieces.

Inventory:

Hand weapons
 a - a +0 mace
 c - a +0 whip of electrocution
 h - a +0 short sword of holy wrath
 k - a +0 short sword of electrocution (weapon)
Missiles
 n - 8 needles of slowing
Magical staves
 l - an uncursed staff of death
Jewellery
 d - a cursed ring of loudness (right hand)
 i - a ring of poison resistance (left hand)
Scrolls
 m - 2 scrolls of enchant armour
Potions
 e - a potion of cure mutation
 f - a potion of might {unknown}
 g - a potion of brilliance {unknown}
 j - a potion of heal wounds {unknown}
Comestibles
 b - 2 fruits


   Skills:
 + Level 5.0 Fighting
 + Level 1.7 Short Blades
 + Level 4.0 Maces & Flails
 - Level 3.9 Dodging
 + Level 1.1 Stealth


You had 4 spell levels left.
You didn't know any spells.

Dungeon Overview and Level Annotations

Branches:
Dungeon (3/15)

Altars:
Elyvilon
Makhleb


Innate Abilities, Weirdness & Mutations

Your plain brown scales are hard (AC +5).
Your body does not fit into most forms of armour.
You are cold-blooded and may be slowed by cold attacks.


Message History

You are more poisoned.
The killer bee poisons you!
You miss the killer bee.
Your tail-slap misses the killer bee.
The killer bee is almost dead.
You feel sick. The killer bee misses you. The killer bee closely misses you.
The killer bee barely misses you. The killer bee misses you.
Unknown command.
You closely miss the killer bee.
The killer bee is almost dead.
You feel sick. The killer bee barely misses you. The killer bee stings you.
* * * LOW HITPOINT WARNING * * *
The killer bee stings you.
* * * LOW HITPOINT WARNING * * *
The killer bee stings you but does no damage.
You miss the killer bee.
Your tail-slap misses the killer bee.
The killer bee is almost dead.
You feel sick. The killer bee stings you!
* * * LOW HITPOINT WARNING * * *
The killer bee stings you.
You die...

#..#..#.#...........#
#..#..#...#+###
#..####.... ###
###.......##.. ...
..........##..# ###
..........##.# ...
.......).. ###
########..##y##.##
######.........†@y....#
.....#.#####..####.##.#
.....#........# .#
.....#..##.#†## #
.....#..#..#.#
........#. #.#
.....##.####.#
.............#
......#.######


You could see 2 killer bees.

Vanquished Creatures
  2 killer bees (D:3)
  Jessica (D:2)
  Natasha (twice) (D:2)
  Robin (D:2)
  4 adders
  An ooze (D:3)
  An orc (D:3)
  5 giant cockroaches (D:1)
  9 hobgoblins
  6 kobolds
  5 bats
  5 giant geckos
  3 giant newts (D:2)
  12 goblins
  8 rats
65 creatures vanquished.

Vanquished Creatures (others)
  A plant (D:3)
1 creature vanquished.

Grand Total: 66 creatures vanquished

Notes
Turn   | Place    | Note
--------------------------------------------------------------
     0 | D:1      | kosy22 the Draconian Berserker began the quest for the Orb.
     0 | D:1      | Reached XP level 1. HP: 19/19 MP: 1/1
   435 | D:1      | Reached XP level 2. HP: 16/26 MP: 2/2
  1035 | D:2      | Reached XP level 3. HP: 30/33 MP: 3/3
  1043 | D:2      | Found a burning altar of Makhleb.
  1096 | D:2      | Acquired Trog's second power
  1219 | D:2      | Found a white marble altar of Elyvilon.
  1220 | D:2      | Noticed Natasha
  1224 | D:2      | Killed Natasha
  1224 | D:2      | Reached skill level 4 in Fighting
  1366 | D:2      | Found a faded altar to an unknown god.
  1491 | D:2      | Noticed Natasha
  1505 | D:2      | HP: 2/49 [Natasha (6)]
  1506 | D:2      | Killed Natasha
  1506 | D:2      | Reached XP level 4. HP: 2/40 MP: 4/4
  1771 | D:2      | Noticed Jessica
  1777 | D:2      | Killed Jessica
  1882 | D:2      | Noticed Robin
  1894 | D:2      | Killed Robin
  2644 | D:3      | Reached XP level 5. HP: 37/46 MP: 5/5
  2848 | D:3      | Reached skill level 1 in Short Blades
  2945 | D:3      | Reached skill level 1 in Stealth
  2957 | D:3      | Reached skill level 5 in Fighting
  2965 | D:3      | HP: 2/48 [killer bee (7)]
  2965 | D:3      | Slain by a killer bee

Vault maps used:
D:1:      minmay_arrival_arboretum_small, minmay_fountain_box,
          minmay_door_square, serial_park_tiny_2
D:2:      lemuel_doored_altar, nicolae_overflow_crystal_walls,
          ecumenical_altar_2, uniq_robin, uniq_jessica, uniq_natasha
D:3:      corexii_shack_village

Action                   |  1- 3 |  4- 6 || total
-------------------------+-------+-------++-------
Melee: Mace              |    41 |       ||    41
       Whip              |    22 |       ||    22
       Short sword       |    20 |   124 ||   144
Invok: Trog's Hand       |     1 |     1 ||     2
       Berserk           |     1 |       ||     1
  Use: Scroll            |     4 |     1 ||     5
 Stab: Distracted        |       |     1 ||     1
  Eat: Bread ration      |     1 |     1 ||     2
